General information
- name: Local Game (PIESOFTHENORTH)
- type: Custom game
- host: PIESOFTHENORTH
- saver: PIESOFTHENORTH
map: ShrineOfTheAncients
- players: 2
- length: 03:35
- speed: Fast
- version: 1.26 W3XP
- replay type: Public
» download(17 KB)
Players
team 1 (winner)

»
PIESOFTHENORTH (
red | 52 APM | 187 actions | 03:35)
1 Far Seer
1 Feral Spirit
» actions
| Assign group hotkey | 6 | |
| Build / train | 10 | |
| Enter build submenu | 5 | |
| Enter hero's abilities submenu | 1 | |
| Right click | 43 | |
| Select / deselect | 79 | |
| Select group hotkey | 36 | |
| Use ability | 7 | |
187 total
» units
» buildings
| Altar of Storms | 1 | |
| Barracks | 1 | |
| Orc Burrow | 2 | |
| Voodoo Lounge | 1 | |
5 total
» build order
00:04 Altar of Storms
00:06 Barracks
00:08 Orc Burrow
01:48 Voodoo Lounge
02:03 Orc Burrow
team 2 (loser)
Mystic_Truhan (
blue | 18 APM | 65 actions | 03:34)
1 Death Knight
1 Death Coil
» actions
| Build / train | 7 | |
| Enter build submenu | 5 | |
| Enter hero's abilities submenu | 1 | |
| Right click | 19 | |
| Select / deselect | 22 | |
| Use ability | 11 | |
65 total
» units
| Acolyte | 2 | |
| Ghoul | 2 | |
| Crypt Fiend | 1 | |
5 total
» buildings
| Altar of Darkness | 1 | |
| Ziggurat | 2 | |
| Crypt | 1 | |
| Graveyard | 1 | |
5 total
» build order
00:17 Altar of Darkness
00:20 Ziggurat
00:49 Crypt
01:20 Graveyard
01:24 Ziggurat
Chat log
(00:20 / All) PIESOFTHENORTH: And don't worry, I won't be doing THAT again.
(00:32 / All) Mystic_Truhan: bcuz ur night elf lawl
(00:34 / All) PIESOFTHENORTH: mostly because this is a bigger map
(00:39 / All) Mystic_Truhan: omfg green blight
(03:27 / All) Mystic_Truhan: gggggggggg
(03:29 / All) PIESOFTHENORTH: gg